 Dungeon Crawl Stone Soup version 0.24.0-13-gcf9b3192b9 (webtiles) character file.

Game seed: 12705362143021057390, levelgen mode: classic

3 EnegeticOcto the Gusty (level 1, 13/13 HPs)
             Began as a Gnoll Air Elementalist on Nov 3, 2019.
             Quit the game on level 1 of the Dungeon on Nov 10, 2019.
             The game lasted 00:01:06 (155 turns).

EnegeticOcto the Gusty (Gnoll Air Elementalist)      Turns: 155, Time: 00:01:06

Health: 13/13      AC:  2    Str: 10    XL:     1   Next: 50%
Magic:  5/6        EV: 14    Int: 17    God:
Gold:   11         SH:  0    Dex: 15    Spells: 8/9 levels left

rFire    . . .     SeeInvis .   (no weapon)
rCold    . . .     Gourm    .   (no shield)
rNeg     . . .     Faith    .   a - +0 robe
rPois    .         Spirit   .   (no helmet)
rElec    .         Reflect  .   (no cloak)
rCorr    .         Harm     .   (no gloves)
MR       .....                  (no boots)
Stlth    +++.......             (no amulet)
HPRegen  0.04/turn              (no ring)
MPRegen  0.10/turn              (no ring)

@: no status effects
A: distributed training, fangs 1, strong nose
a: no special abilities


You were on level 1 of the Dungeon.
You were not hungry.

You visited 1 branch of the dungeon, and saw 1 of its levels.

You collected 11 gold pieces.

Inventory:

Armour
 a - a +0 robe (worn)
Scrolls
 c - a scroll of immolation {unknown}
 d - 2 scrolls of fear {unknown}
 f - a scroll of remove curse {unknown}
Potions
 b - 2 potions of magic {unknown}
Comestibles
 e - a ration


   Skills:
 + Level 0.0 Fighting
 + Level 0.0 Short Blades
 + Level 0.0 Long Blades
 + Level 0.0 Axes
 + Level 0.0 Maces & Flails
 + Level 0.0 Polearms
 + Level 0.0 Staves
 + Level 0.0 Slings
 + Level 0.0 Bows
 + Level 0.0 Crossbows
 + Level 0.0 Throwing
 + Level 0.0 Armour
 + Level 4.4 Dodging
 + Level 4.0 Stealth
 + Level 0.0 Shields
 + Level 0.0 Unarmed Combat
 + Level 4.8 Spellcasting
 + Level 1.9 Conjurations
 + Level 0.0 Hexes
 + Level 0.0 Charms
 + Level 0.0 Summonings
 + Level 0.0 Necromancy
 + Level 0.0 Translocations
 + Level 0.0 Transmutations
 + Level 0.0 Fire Magic
 + Level 0.0 Ice Magic
 + Level 5.3 Air Magic
 + Level 0.0 Earth Magic
 + Level 0.0 Poison Magic
 + Level 0.1 Invocations
 + Level 0.0 Evocations


You had 8 spell levels left.
You knew the following spells:

 Your Spells              Type           Power        Failure   Level  Hunger
a - Shock                 Conj/Air       ###.         3%          1    None

Your spell library contained the following spells:

 Spells                   Type           Power        Failure   Level  Hunger
 Swiftness                Chrm/Air       ##......     7%          2    #......
 Static Discharge         Conj/Air       ###.....     10%         3    ###....
 Airstrike                Air            ###.......   16%         4    ####...
 Lightning Bolt           Conj/Air       ###.......   65%         5    ######.


Dungeon Overview and Level Annotations

Branches:
Dungeon (1/15)

Altars:


Innate Abilities, Weirdness & Mutations

Your experience applies equally to all skills.
You have very sharp teeth.
Your uncanny sense of smell can sniff out nearby items.


Message History

e - a ration Welcome, EnegeticOcto the Gnoll Air Elementalist.
The bosom of this dungeon contains the legendary artefact, the Orb of Zot.
Press ? for a list of commands and other information.
Found 21 poisoned darts and 2 white potions.
Found a staircase leading out of the dungeon.
b - 2 white potions
Found 10 stones and a scroll labeled CYOGRI APSIRAT.
c - a scroll labeled CYOGRI APSIRAT A hobgoblin comes into view.
It is wielding a +0 club.
The hobgoblin shouts!
A frilled lizard comes into view.
Casting: Shock (safe; 3% risk of failure)
Confirm with . or Enter, or press ? or * to list all spells.
Aiming: Shock (safe; 3% risk of failure)
Press: ? - help, Shift-Dir - straight line The zap hits the hobgoblin.
The hobgoblin is moderately wounded.
The zap misses the hobgoblin.
The frilled lizard hisses angrily.
The hobgoblin barely misses you.
Casting: Shock (safe; 3% risk of failure)
Confirm with . or Enter, or press ? or * to list all spells.
Aiming: Shock (safe; 3% risk of failure)
Press: ? - help, Shift-Dir - straight line The zap hits the hobgoblin.
You kill the hobgoblin!
The zap hits the frilled lizard.
You kill the frilled lizard!
Found 2 scrolls labeled WOUBLO WOROOLE.
Things that are here:
a +0 club; a hobgoblin corpse
d - 2 scrolls labeled WOUBLO WOROOLE Magic restored.
Found 11 gold pieces.
You now have 11 gold pieces.
f - a scroll labeled DUQARO VEAC
Found 14 stones and 22 arrows.
A kobold comes into view.
A kobold is nearby!
A kobold is nearby!
A kobold is nearby!
A kobold is nearby!
A kobold is nearby!
Casting: Shock (safe; 3% risk of failure)
Confirm with . or Enter, or press ? or * to list all spells.
Aiming: Shock (safe; 3% risk of failure)
Press: ? - help, Shift-Dir - straight line, f - kobold
Aim: a kobold (resting)
The zap hits the kobold.
The kobold is moderately wounded.
The kobold shouts!
Casting: Shock (safe; 3% risk of failure)
Confirm with . or Enter, or press ? or * to list all spells.
Aiming: Shock (safe; 3% risk of failure)
Press: ? - help, Shift-Dir - straight line, f/p - kobold
Aim: a kobold (moderately wounded)
The zap hits the kobold.
You kill the kobold!
Found 19 stones.
Found a dagger.
A bat comes into view.
A goblin comes into view. It is wielding a +0 club.
The goblin shouts!
A kobold comes into view. It is wielding a +0 whip.
The kobold shouts!
A frilled lizard comes into view.
The bat barely misses you. The bat barely misses you.
The bat hits you but does no damage. The bat misses you.
The bat barely misses you. The bat closely misses you.
The bat hits you but does no damage. The bat barely misses you.
Unknown command.
Casting: Shock (safe; 3% risk of failure)
Confirm with . or Enter, or press ? or * to list all spells.
Aiming: Shock (safe; 3% risk of failure)
Press: ? - help, Shift-Dir - straight line, f - bat
Aim: a bat The zap hits the bat.
You kill the bat!
Saving game... please wait.
Welcome back, EnegeticOcto the Gnoll Air Elementalist.
Press ? for a list of commands and other information.
Are you sure you want to abandon this character and quit the game? (Confirm with "yes".)

# #.# #.# # #.# #.# ##### # #.#
#.####...# # #.# #........#
####.# ######...# ##### ..##.#
##.## #...## # .....#### #.#
#...P#... ..#.....#
#.#######.).≈≈.≈≈ #...###.##
#(@.....g.P≈≈P≈≈.
..#.###..###############.≈≈♣≈≈≈
..................... P≈.≈≈≈≈
..######.##.######### .♣≈≈K≈l
.## #.##.# ..P♣≈≈≈ # #.##.# #.
g .. # #.##.# .# # . # #.##..
.. #.##.#


You could see a goblin.

Vanquished Creatures
  A hobgoblin (D:1)
  A bat (D:1)
  A frilled lizard (D:1)
  A kobold (D:1)
4 creatures vanquished.

Notes
Turn   | Place    | Note
-------+----------+-------------------------------------------
     0 | D:1      | EnegeticOcto the Gnoll Air Elementalist began the quest for
                  | the Orb.
     0 | D:1      | Reached XP level 1. HP: 13/13 MP: 6/6
   155 | D:1      | Upgraded the game from 0.24.0-10-g970556be89 to
                  | 0.24.0-13-gcf9b3192b9
   155 | D:1      | Quit the game

Levels and vault maps discovered:
D:1:      psy_arrival_dodecagon, layout_loops_ring, serial_bayou_pond_b

Action                   || total
-------------------------++-------
 Cast: Shock             ||     5
Armor: Robe              ||     2
Dodge: Dodged            ||     7
